 Dungeon Crawl Stone Soup version 0.29.1-15-g9cfb28693d (webtiles) character file.

Game seed: 12198198326696974470

767 KreenWarrior the Cudgeller (level 7, -1/52 HPs)
             Began as a Demonspawn Gladiator on Mar 11, 2023.
             Was a Follower of Uskayaw.
             Succumbed to a gnoll's poison
             ... on level 5 of the Dungeon.
             The game lasted 00:18:23 (4788 turns).

KreenWarrior the Cudgeller (Demonspawn Gladiator)   Turns: 4788, Time: 00:18:24

Health: -1/52      AC: 14    Str: 16    XL:     7   Next: 52%
Magic:  7/7        EV:  6    Int:  9    God:    Uskayaw [*.....]
Gold:   226        SH:  4    Dex: 15    Spells: 6/6 levels left

rFire   . . .      SeeInvis .   a - +0 flail
rCold   . . .      Faith    .   (no shield)
rNeg    . . .      Spirit   .   g - +1 plate armour
rPois   .          Reflect  .   (helmet restricted)
rElec   .          Harm     .   (no cloak)
rCorr   .          Rampage  .   (no gloves)
Will    .....                   z - +0 pair of boots
Stlth   ..........              (no amulet)
HPRegen 0.17/turn               h - ring of flight
MPRegen 0.10/turn               (no ring)

@: lethally poisoned (-1 -> -11), flying
A: hooves 1, horns 2, powered by death 1, condensation shield, demonic touch 1,
mutation resistance 1
a: Renounce Religion, Stomp


You were on level 5 of the Dungeon.
You worshipped Uskayaw.
Uskayaw was noncommittal.
You visited 1 branch of the dungeon, and saw 7 of its levels.

You collected 226 gold pieces.

Inventory:

Hand Weapons
 a - a +0 flail (weapon)
 c - a +1 dagger of venom
Missiles
 b - 4 boomerangs
 d - 2 throwing nets (quivered)
 e - a javelin
 i - 54 stones
Armour
 g - a +1 plate armour (worn)
 z - a +0 pair of boots (worn)
Magical Staves
 n - a staff of death
Jewellery
 h - a ring of flight (left hand)
Wands
 y - a wand of flame (25)
Scrolls
 f - a scroll of summoning {unknown}
 k - a scroll of immolation
 l - 2 scrolls of identify
 p - a scroll of poison {unknown}
 q - 2 scrolls of enchant armour
 r - a scroll of vulnerability {unknown}
 s - a scroll of teleportation
 u - 2 scrolls of fear {unknown}
 x - a scroll of amnesia {unknown}
Potions
 j - 3 potions of might
 m - a potion of brilliance {unknown}
 t - a potion of mutation
 v - a potion of attraction {unknown}
 w - a potion of heal wounds {unknown}


   Skills:
 + Level 3.0 Fighting
 + Level 5.5 Maces & Flails
 * Level 3.1 Throwing
 * Level 4.1 Armour
 - Level 3.2 Dodging
 - Level 0.2 Stealth
 + Level 0.3 Shields


You had 6 spell levels left.
You didn't know any spells.
Your spell library contained the following spells:

 Spells                   Type           Power      Damage    Failure   Level
 Apportation              Tloc           0%         N/A       100%        1
 Necrotise                Necr           0%         1d4       100%        1
 Frozen Ramparts          Ice            0%         1d1       100%        3
 Gell's Gravitas          Tloc           0%         N/A       100%        3
 Lesser Beckoning         Tloc           0%         N/A       100%        3
 Teleport Other           Tloc           0%         N/A       100%        3
 Vampiric Draining        Necr           0%         2d6       100%        3
 Ice Form                 Ice/Tmut       0%         N/A       100%        4
 Olgreb's Toxic Radiance  Pois           0%         N/A       100%        4
 Summon Ice Beast         Ice/Summ       0%         N/A       100%        4
 Agony                    Necr           0%         N/A       100%        5
 Dispersal                Tloc           0%         N/A       100%        6
 Dragon Form              Tmut           0%         N/A       100%        7
 Ozocubu's Refrigeration  Ice            0%         4d7       100%        7
 Ignition                 Fire           0%         3d3       100%        8


Dungeon Overview and Level Annotations

Branches:
Dungeon (7/15)             Temple (0/1) D:5

Altars:
Fedhas
Uskayaw


Innate Abilities, Weirdness & Mutations

You have large cloven feet.
You have a pair of horns on your head.
You regenerate a little health from kills.
A meltable shield of frost defends you. (SH +4)
Your touch may inflict minor irresistible damage on your foes.
You are somewhat resistant to further mutation.


Message History

You feel sick. The gnoll hits you but does no damage.
You are more poisoned.
You barely miss the gnoll.
You feel very sick. The gnoll hits you but does no damage.
The gnoll hits you with a +2 spear of venom.
You are lethally poisoned!
Unknown command.
You barely miss the gnoll.
You touch the gnoll!
The gnoll is severely wounded.
* * * LOW HITPOINT WARNING * * *
You feel very sick.
The gnoll hits you with a +2 spear of venom.
* * * LOW HITPOINT WARNING * * *
You are more poisoned.
The gnoll hits you from afar with a +0 halberd.
* * * LOW HITPOINT WARNING * * *
You feel better.
The gnoll is no longer moving quickly.
The gnoll hits you but does no damage. The gnoll barely misses you.
As you read the scroll of teleportation, it crumbles to dust.
You feel strangely unstable.
The gnoll is no longer moving quickly.
The gnoll completely misses you.
The gnoll hits you with a +2 spear of venom.
* * * LOW HITPOINT WARNING * * *
You are poisoned.
Unknown command.
* * * LOW HITPOINT WARNING * * *
You feel very sick. The gnoll closely misses you.
* * * LOW HITPOINT WARNING * * *
You feel sick. The gnoll hits you but does no damage.
You are lethally poisoned!
* * * LOW HITPOINT WARNING * * *
You feel very sick.
Your surroundings suddenly seem different.
* * * LOW HITPOINT WARNING * * *
You feel very sick.
It was a potion of mutation.
You feel extremely strange.
You feel genetically stable.
You die...

#.# #.# # #.#### .# #.##.######.#
##########.##.....#..###
#######........#.............
.##...'.........###..........
....###.........###..........
....# #.........@.....#.#.##
....###...............#.#.####.##
.................................
###.###.........###...#.#......#
###.###########.# #...#.#########
........# #.......#..........
........... ############...###.
........... ..............
........### .######...###.


There were no monsters in sight!

Vanquished Creatures
  A sky beast (D:7)
  A centaur (D:7)
  A phantom (D:4)
  A bullfrog (D:6)
  2 scorpions
  A hound (D:4)
  2 jellies
  An iguana (D:5)
  2 orc wizards (D:5)
  7 adders
  An ufetubus (D:5)
  3 worms (D:2)
  8 dart slugs
  5 orcs
  7 ball pythons
  5 endoplasms
  5 giant cockroaches
  10 goblins
  5 hobgoblins
  8 jackals
  10 kobolds
  A quokka (D:2)
  7 bats
  5 frilled lizards
  3 rats (D:1)
102 creatures vanquished.

Vanquished Creatures (others)
  A plant (D:5)
1 creature vanquished.

Grand Total: 103 creatures vanquished

Notes
Turn   | Place    | Note
-------+----------+-------------------------------------------
     0 | D:1      | KreenWarrior the Demonspawn Gladiator began the quest for
                  | the Orb.
     0 | D:1      | Reached XP level 1. HP: 16/16 MP: 1/1
   325 | D:1      | Discovered your monstrous ancestry.
   325 | D:1      | Gained mutation: You have a pair of small horns on your
                  | head. [demonic ancestry]
   325 | D:1      | Reached XP level 2. HP: 14/22 MP: 2/2
   565 | D:1      | Reached skill level 3 in Maces & Flails
   912 | D:1      | Gained mutation: Your touch may inflict minor irresistible
                  | damage on your foes. [demonic ancestry]
   912 | D:1      | Reached XP level 3. HP: 16/27 MP: 3/3
  1498 | D:2      | Reached skill level 1 in Armour
  1763 | D:2      | Gained mutation: You have large cloven feet. [demonic
                  | ancestry]
  1763 | D:2      | Reached XP level 4. HP: 23/33 MP: 4/4
  1948 | D:2      | Found a faded altar of an unknown god.
  2839 | D:3      | Gained mutation: You have a pair of horns on your head.
                  | [demonic ancestry]
  2839 | D:3      | Reached XP level 5. HP: 39/39 MP: 5/5
  3193 | D:4      | Reached skill level 4 in Maces & Flails
  3343 | D:4      | Noticed a phantom
  3364 | D:4      | Killed a phantom
  3365 | D:4      | Gained mutation: A meltable shield of frost defends you.
                  | (SH +4) [demonic ancestry]
  3365 | D:4      | Reached XP level 6. HP: 42/46 MP: 6/6
  3432 | D:4      | Found a hide-covered altar of Uskayaw.
  3434 | D:4      | Found a blossoming altar of Fedhas.
  3452 | D:4      | Became a worshipper of Uskayaw the Reveller
  3652 | D:4      | Reached * piety under Uskayaw
  3803 | D:5      | Entered Level 5 of the Dungeon
  3815 | D:5      | Reached ** piety under Uskayaw
  3817 | D:5      | Reached *** piety under Uskayaw
  4145 | D:5      | You are sucked into a shaft and drop 2 floors!
  4202 | D:7      | Noticed a sky beast
  4214 | D:7      | Killed a sky beast
  4312 | D:7      | Reached skill level 5 in Maces & Flails
  4312 | D:7      | Gained mutation: You regenerate a little health from kills.
                  | [demonic ancestry]
  4312 | D:7      | Reached XP level 7. HP: 42/51 MP: 7/7
  4485 | D:5      | Reached **** piety under Uskayaw
  4708 | D:5      | Got Vezaolab's Secrets of the Tesseract and Sculpting
  4770 | D:5      | Found a staircase to the Ecumenical Temple.
  4781 | D:5      | HP: 1/52 [gnoll/+0 halberd[a gnoll bouda] (6)]
  4787 | D:5      | HP: 1/52 [poisoned by a gnoll]
  4788 | D:5      | Gained mutation: You are somewhat resistant to further
                  | mutation. [potion of mutation]
  4788 | D:5      | Succumbed to a gnoll's poison

Illustrated notes

Levels and vault maps discovered:
D:1:      minmay_arrival_wavy_path, layout_loops_cross
D:2:      minmay_chambers_of_twos, layout_basic,
          chequers_ecumenical_altar_simple_redux
D:3:      layout_rooms, nicolae_tso_swordbearing_angel, serial_aquarium,
          aquarium_bridge_square [aquarium_subvault_wall,
          aquarium_subvault_bridge, aquarium_subvault_bridge,
          aquarium_subvault_window], aquarium_window_1, aquarium_window_1,
          aquarium_view_2e, aquarium_view_2f, minmay_close_crescents
D:4:      layout_loops_ring, chequers_temple_overflow_statue_of_worship
D:5:      layout_basic, mainiacjoe_overflow_alcove_1,
          minmay_temple_entry_overgrown, hangedman_abyss_or_decor_passed
D:6:      layout_basic, trog_wizard, xom_butterflies, serial_shops, shop,
          uniq_sigmund
D:7:      layout_loops_ring, kennysheep_generic_room_12, uniq_prince_ribbit1,
          uniq_maggie

Skill      XL: |  1  2  3  4  5  6  7 |
---------------+----------------------+-----
Dodging        | 3 |  3.2
Maces & Flails | 3 4 5 |  5.5
Armour         | 1 2 3 4 |  4.1
Throwing       | 2 3 |  3.1
Fighting       | 3 |  3.0
Stealth        | |  0.2
Shields        | |  0.3

Action                   |  1- 3 |  4- 6 |  7- 9 || total
-------------------------+-------+-------+-------++-------
Melee: Flail             |   115 |   107 |    28 ||   250
       Headbutt          |    13 |    16 |     5 ||    34
       Touch             |     8 |    18 |     7 ||    33
       Kick              |       |    25 |       ||    25
       Punch             |       |     5 |       ||     5
Throw: Throwing net      |       |     5 |       ||     5
Invok: Line Pass         |       |       |     1 ||     1
  Use: Scroll            |       |     3 |     2 ||     5
       Potion            |       |     1 |     2 ||     3
 Stab: Paralysed         |       |     1 |       ||     1
Armor: Leather armour    |     5 |       |       ||     5
       Plate armour      |    72 |    84 |    22 ||   178
Dodge: Dodged            |    50 |    34 |     9 ||    93
Block: Other             |       |     7 |     3 ||    10
